 Dungeon Crawl Stone Soup version 0.27.0-1-g7a089689b8 (webtiles) character file.

Game seed: 15994265603069623438

3 SnakkuSnakku7 the Caller (level 1, 0/14 HPs)
             Began as a Demigod Summoner on Aug 3, 2021.
             Slain by a goblin (3 damage)
             ... on level 1 of the Dungeon.
             The game lasted 00:00:44 (656 turns).

SnakkuSnakku7 the Caller (Demigod Summoner)          Turns: 656, Time: 00:00:45

Health: 0/14       AC:  2    Str:  6 (9)  XL:     1   Next: 33%
Magic:  4/5        EV: 12    Int: 16 (17) God:
Gold:   25         SH:  0    Dex: 11 (14) Spells: 2/3 levels left

rFire    . . .     SeeInvis .   (no weapon)
rCold    . . .     Faith    .   (no shield)
rNeg     . . .     Spirit   .   a - +0 robe
rPois    .         Reflect  .   (no helmet)
rElec    .         Harm     .   (no cloak)
rCorr    .         Rampage  .   (no gloves)
Will     .....                  (no boots)
Stlth    ++........             (no amulet)
HPRegen  0.04/turn              (no ring)
MPRegen  0.09/turn              (no ring)

@: no status effects
A: high mp 1, forlorn
a: no special abilities


You were on level 1 of the Dungeon.
You visited 1 branch of the dungeon, and saw 1 of its levels.

You collected 25 gold pieces.

Inventory:

Armour
 a - a +0 robe (worn)


   Skills:
 - Level 1.7 Dodging
 - Level 1.7 Stealth
 - Level 1.7 Spellcasting
 + Level 3.8 Summonings


You had 2 spell levels left.
You knew the following spells:

 Your Spells              Type           Power      Damage    Failure   Level
a - Summon Small Mammal   Summ           52%        N/A       4%          1

Your spell library contained the following spells:

 Spells                   Type           Power      Damage    Failure   Level
 Call Imp                 Summ           13%        N/A       7%          2
 Call Canine Familiar     Summ           13%        N/A       13%         3
 Summon Guardian Golem    Hex/Summ       7%         N/A       28%         3
 Summon Lightning Spire   Summ/Air       7%         N/A       67%         4


Dungeon Overview and Level Annotations

Branches:
Dungeon (1/15)


Innate Abilities, Weirdness & Mutations

Your attributes grow dramatically as you level up.
You have an increased reservoir of magic. (+10% MP)
You shall have no god before yourself.


Message History

The goblin closely misses your quokka.
Your quokka closely misses the goblin.
Your quokka barely misses the bat.
The goblin hits your quokka with a +0 club.
The bat closely misses your quokka. The kobold barely misses your quokka.
The bat closely misses your quokka.
Your quokka completely misses the kobold.
The kobold closely misses your quokka. The goblin hits you with a +0 club.
* * * LOW HITPOINT WARNING * * *
Something closely misses your quokka.
Your quokka bites the goblin.
Something hits your quokka but does no damage.
Something hits your quokka.
Your quokka dies!
Your quokka's corpse disappears in a puff of smoke!
The bat barely misses you. The bat closely misses you.
Casting: Summon Small Mammal (safe; 4% risk of failure)
Confirm with . or Enter, or press ? or * to list all spells.
The bat misses you. The bat barely misses you.
The bat closely misses your quokka. The bat misses you. The bat hits you.
* * * LOW HITPOINT WARNING * * *
The bat closely misses you.
You hit the bat.
The bat is severely wounded.
The bat hits you but does no damage. The bat closely misses you.
Your quokka bites the bat.
The bat dies!
A jackal comes into view.
Your quokka bites the goblin.
Something barely misses your quokka.
The jackal barks!
A jackal comes into view.
You aren't carrying any scrolls.
Unknown command.
It was a potion of degeneration.
There was something very wrong with that liquid.
You feel weakened.
You feel dopey.
You feel clumsy.
A giant cockroach comes into view.
The goblin hits you with a +0 club.
You die...

#.
#..K#(.......###########.
.
###b#.##.##†.............
#...##.##K############.
#.# #.####.....# #. #.#
#.# #K##..# #. #.# #.#
#.##..... #. #.# #.#
#r###.##... #. #.# #.#
#g# .# .# #. #.# #.# #@#
.# # .. #.# #.# #.# .# ##
.#####.####.# #h#
........g÷..# #.#
.#####.#########h#
#..........hB
###########.. #..


You could see 3 jackals, a giant cockroach, a goblin, a kobold and a friendly
quokka (summoned).

Vanquished Creatures
  A giant cockroach (D:1)
  A bat (D:1)
2 creatures vanquished.

Vanquished Creatures (collateral kills)
  A ball python (D:1)
  A bat (D:1)
2 creatures vanquished.

Grand Total: 4 creatures vanquished

Notes
Turn   | Place    | Note
-------+----------+-------------------------------------------
     0 | D:1      | SnakkuSnakku7 the Demigod Summoner began the quest for the
                  | Orb.
     0 | D:1      | Reached XP level 1. HP: 14/14 MP: 5/5
   656 | D:1      | Slain by a goblin

Illustrated notes

Levels and vault maps discovered:
D:1:      dpeg_arrival_shrine, layout_loops_ring,
          shapermc_ecumenical_altar_mp_highgroup

Action                   || total
-------------------------++-------
Melee: Unarmed           ||    41
 Cast: Summon Small Mamm ||     8
  Use: Potion            ||     1
 Stab: Sleeping          ||     1
Armor: Robe              ||    17
Dodge: Dodged            ||    61
